 Dungeon Sprint DCSS version 0.25-a0-934-g041635d5d1 (webtiles) character file.

Game seed: 5661542564389802716, levelgen mode: deterministic

0 Conn the Magician (level 1, -1/15 HPs)
             Began as a Deep Elf Wizard on May 4, 2020.
             Slain by a shadow imp (5 damage)
             ... summoned by a neqoxec
             ... in the Dungeon (Sprint II: "The Violet Keep of Menkaure").
             The game lasted 00:00:40 (16 turns).

Conn the Magician (Deep Elf Wizard)                   Turns: 16, Time: 00:00:40

Health: -1/15      AC:  2    Str:  4      XL:     1   Next: 0%
Magic:  7/7        EV: 12    Int: 16 (22) God:
Gold:   0          SH:  0    Dex: 12 (13) Spells: 7/8 levels left

rFire    . . .     SeeInvis .   (no weapon)
rCold    . . .     Gourm    .   (no shield)
rNeg     . . .     Faith    .   a - +0 robe
rPois    .         Spirit   .   b - +0 hat
rElec    .         Reflect  .   (no cloak)
rCorr    .         Harm     .   (no gloves)
MR       .....     NoTele   +   (no boots)
Stlth    ..........             (no amulet)
HPRegen  0.05/turn              (no ring)
MPRegen  0.10/turn              (no ring)

@: berserking, hasted, very quick
A: no striking features
a: no special abilities


You were in the Dungeon.
You were not hungry.

You visited 1 branch

Inventory:

Armour
 a - a +0 robe (worn)
 b - a +0 hat (worn)
Scrolls
 j - a scroll of blinking
Potions
 e - a potion of curing
 f - a potion of heal wounds
 h - 2 potions of magic
Comestibles
 d - a ration


   Skills:
 + Level 2.4 Dodging
 + Level 2.4 Stealth
 + Level 4.4 Spellcasting
 + Level 1.1 Conjurations
   Level 1.1 Summonings
   Level 1.1 Translocations


You had 7 spell levels left.
You knew the following spells:

 Your Spells              Type           Power        Failure   Level  Hunger
a - Magic Dart            Conj           #...         11%         1    None

Your spell library contained the following spells:

 Spells                   Type           Power        Failure   Level  Hunger
 Blink                    Tloc           N/A          16%         2    ##.....
 Call Imp                 Summ           #.......     16%         2    ##.....
 Slow                     Hex            #.......     24%         2    ##.....
 Conjure Flame            Conj/Fire      #.......     36%         3    ###....
 Mephitic Cloud           Conj/Pois/Air  #.......     38%         3    ###....


Dungeon Overview and Level Annotations

Branches:
Dungeon (1/1)

Altars:


Message History

You hit the neqoxec but do no damage.
The neqoxec gestures.
The neqoxec hits you!
Ouch! That really hurt!
You barely miss the neqoxec.
The neqoxec gestures.
The neqoxec gestures at you.
Something tries to feed on your intellect!
The neqoxec gestures.
You hit the neqoxec.
The neqoxec is lightly wounded.
You closely miss the neqoxec.
The neqoxec is lightly wounded.
The quasit bites you but does no damage.
The quasit claws you.
* * * LOW HITPOINT WARNING * * *
You feel clumsy. The quasit barely misses you.
The neqoxec gestures.
The shadow imp hits you.
You die...

# # ##. #+#
5#
#.m.##5##35#
#$+.5@33#
#...##5##3#
##. #+# 5# #
.#w # w# .w
## .## ##


You could see 4 neqoxecs, an iron imp, a quasit, 2 white imps and 2 shadow imps.

Vanquished Creatures (others)
  A crocodile (D)
1 creature vanquished.

Notes
Turn   | Place    | Note
-------+----------+-------------------------------------------
     0 | D        | Conn the Deep Elf Wizard began the quest for the Orb.
     0 | D        | Reached XP level 1. HP: 10/10 MP: 7/7
     1 | D        | Noticed a merfolk siren
     7 | D        | Noticed a neqoxec
     7 | D        | Noticed a neqoxec
     7 | D        | Noticed a neqoxec
     7 | D        | Noticed a neqoxec
    12 | D        | Noticed an iron imp
    15 | D        | Noticed a quasit
    16 | D        | Killed a crocodile
    16 | D        | Slain by a shadow imp

Levels and vault maps discovered:
D:        the_violet_keep_of_menkaure [sprint2_stairs_cluster_1,
          sprint2_shoproom, sprint2_temple, sprint2_basic_supplies,
          sprint2_obstacle_4, sprint2_obstacle_2, sprint2_obstacle_1,
          sprint2_obstacle_5, sprint2_obstacle_6, sprint2_timed_cluster_1,
          sprint2_smallroom_cluster_1, sprint2_smallroom_final_cluster_1,
          sprint2_transparent_cluster_1, sprint2_second_timed_cluster_1,
          sprint2_sniper_area_1, sprint2_heavy_combat_area_1,
          sprint2_mutation_trap_area_1, sprint2_forest_area_1,
          sprint2_light_combat_area_1, sprint2_behind_water_1,
          sprint2_near_end_vault_1]

Action                   || total
-------------------------++-------
Melee: Unarmed           ||     7
  Use: Potion            ||     2
Armor: Robe              ||     1
Dodge: Dodged            ||     2

Table legend:
 A = Non-vault XP
 B = Vault XP
 C = Vault XP percentage of total XP
 D = Non-vault monster count
 E = Vault monster count
 F = Vault count percentage of total count
                 A         B        C        D         E       F
            +---------+---------+-------+---------+---------+-------
      Total |       0 |       0 |   N/A |       0 |       0 |  -nan
            +---------+---------+-------+---------+---------+-------
            +---------+---------+-------+---------+---------+-------
